 Dungeon Crawl Stone Soup version 0.31.0-11-ge490571c62 (webtiles) character file.

Game seed: 5438651550778538512

62 hawla the Covered (level 3, -2/30 HPs)
             Began as a Minotaur Warper on Feb 8, 2024.
             Slain by a gnoll
             ... wielding a +0 spear
              (3 damage)
             ... on level 2 of the Dungeon.
             The game lasted 00:03:28 (944 turns).

hawla the Covered (Minotaur Warper)                  Turns: 944, Time: 00:03:29

Health: -2/30      AC:  3    Str: 15    XL:     3   Next: 85%
Magic:  3/5        EV: 11    Int: 12    God:
Gold:   92         SH:  0    Dex:  9    Spells: 4/6 levels left

rFire   . . .        a - +0 hand axe
rCold   . . .        (no shield)
rNeg    . . .        b - +0 leather armour
rPois   .            (helmet restricted)
rElec   .            (no cloak)
rCorr   .            (no gloves)
SInv    .            (no boots)
Will    .....        (no amulet)
Stlth   +            (no ring)
HPRegen 0.25/turn    (no ring)
MPRegen 0.09/turn

%: no passive effects
@: very slightly contaminated
A: horns 2, retaliatory headbutt
a: no special abilities


You were on level 2 of the Dungeon.
You visited 1 branch of the dungeon, and saw 2 of its levels.

You collected 92 gold pieces.

Inventory:

Hand Weapons
 a - a +0 hand axe (weapon)
Missiles
 d - 7 darts of dispersal (quivered)
 h - 6 poisoned darts
Armour
 b - a +0 leather armour (worn)
Scrolls
 c - a scroll of blinking
 g - a scroll of teleportation {unknown}
 i - a scroll of fog {unknown}
Potions
 e - 3 potions of curing {unknown}
 f - a potion of brilliance {unknown}


   Skills:
 - Level 2.4 Fighting
 - Level 2.4 Axes
 - Level 1.0 Throwing
 + Level 3.8 Armour
 - Level 2.2 Dodging
 - Level 2.0 Spellcasting
 - Level 2.2 Translocations


You had 4 spell levels left.
You knew the following spells:

 Your Spells              Type           Power      Damage    Failure   Level
a - Blink                 Tloc           12%        N/A       21%         2

Your spell library contained the following spells:

 Spells                   Type           Power      Damage    Failure   Level
 Lesser Beckoning         Tloc           12%        N/A       21%         2
 Teleport Other           Tloc           6%         N/A       38%         3
 Manifold Assault         Tloc           6%         N/A       80%         4
 Vhi's Electric Charge    Tloc/Air       6%         N/A       91%         4
 Conjure Ball Lightning   Conj/Air       0%         3x3d6     100%        6
 Discord                  Hex            0%         N/A       100%        8
 Disjunction              Tloc           3%         N/A       100%        8


Dungeon Overview and Level Annotations

Branches:
Dungeon (2/15)

Altars:


Innate Abilities, Weirdness & Mutations

You have a pair of horns on your head.
You reflexively headbutt those who attack you in melee.


Message History

The gnoll barely misses you.
You barely miss the gnoll. You punch the gnoll.
The gnoll is almost dead.
The gnoll misses you.
You hit the gnoll.
You kill the gnoll!
An adder comes into view.
Items here: ) †††.
A gnoll comes into view. It is wielding a +0 spear.
The gnoll shouts!
A gnoll comes into view. It is wielding a +0 whip.
Found a whip.
The gnoll shouts!
A gnoll comes into view. It is wielding a +0 spear.
You slash the adder!
The adder is severely wounded.
The adder misses you. The adder bites you but does no damage.
You hit the adder.
You kill the adder!
The gnoll hits you from afar with a +0 spear.
The gnoll misses you.
You barely miss the gnoll. Your headbutt misses the gnoll.
You barely miss the gnoll. The gnoll hits you with a +0 spear.
The gnoll hits you from afar with a +0 spear!
* * * LOW HITPOINT WARNING * * *
You are too injured to fight recklessly!
Unknown command.
Blink to where?
Press: ? - help, Dir - move target, f - you
Okay, then.
Casting: Blink (safe; 21% risk of failure)
Confirm with . or Enter, or press ? or * to list all spells.
You miscast Blink.
You are very lightly contaminated with residual magic.
Nothing appears to happen.
The gnoll hits you with a +0 whip.
* * * LOW HITPOINT WARNING * * *
The gnoll hits you with a +0 spear!
* * * LOW HITPOINT WARNING * * *
The gnoll hits you from afar with a +0 spear.
You die...

#............#
+............#........).
#............#..........
.......#+#####..........
.#>......# #..........
.#†#.#.#.## #..........
.#.#.#.#..## #..........
.#...#..#..###..gg......
###......#...)..@.g.....
###.####..####..........
.##....##.. #..........
.##....#### ..####+#####
.##.......###.
.##.......# ##
.'........# .##.......#
.##.......###


You could see 3 gnolls.

Vanquished Creatures
  2 gnolls
  An adder (D:2)
  A dart slug (D:1)
  A ribbon worm (D:2)
  4 endoplasms (D:1)
  A giant cockroach (D:2)
  2 goblins (D:1)
  4 hobgoblins
  2 ball pythons (D:1)
  3 bats
  4 frilled lizards
  2 kobolds (D:1)
  6 rats
33 creatures vanquished.

Notes
Turn   | Place    | Note
-------+----------+-------------------------------------------
     0 | D:1      | hawla the Minotaur Warper began the quest for the Orb.
     0 | D:1      | Reached XP level 1. HP: 18/18 MP: 1/1
   122 | D:1      | Reached XP level 2. HP: 25/25 MP: 3/3
   248 | D:1      | Reached skill level 2 in Armour
   361 | D:1      | Reached XP level 3. HP: 29/30 MP: 5/5
   367 | D:1      | Learned a level 2 spell: Blink
   869 | D:2      | Reached skill level 3 in Armour
   885 | D:2      | Found a faded altar of an unknown god.
   944 | D:2      | HP: 1/30 [gnoll/+0 spear (7)]
   944 | D:2      | Slain by a gnoll

Illustrated notes

Levels and vault maps discovered:
D:1:      tarquinn_simple_flora_water_a, layout_loops_ring
D:2:      layout_basic, dreamdust_ecumenical_altar_grove, wad_orctagon

Skill      XL: |  1  2  3 |
---------------+----------+-----
Spellcasting   | 2 |  2.0
Armour         | 2 3 |  3.8
Fighting       | |  2.4
Axes           | |  2.4
Throwing       | |  1.0
Dodging        | |  2.2
Translocations | |  2.2

Action                     || total
---------------------------++-------
  Melee: Hand axe          ||    84
         Headbutt          ||     9
         Punch             ||     1
    Use: Scroll            ||     1
 Armour: Leather armour    ||    41
  Dodge: Dodged            ||    60
